cohdb
Replays
Latest Replays
All Replays
Popular Replays
Top Player Replays
Match Explorer
How It Works
Community
CoH3 Stats
Reddit
Sign in to upload your games and track your stats! →
Sign in with Steam
Match 24302224
Unlisted
Match 24302224
Overview
Messages
Build Orders
End
Panzergrenadier Squad
Panzergrenadier Squad
250 Light Carrier
Construct Light Support Kompanie
Selects Armored Support Battlegroup
Selects Superior Fire Drills
2.5-tonne Medical Truck
Panzergrenadier Squad
Fire Support Elements
Pak 38 Mechanized Group
Selects Salvage Kits
Pak 38 Anti-tank Gun Team
Combat Half-tracks
Veteran Squad Leaders
Construct Panzerarmee Kommand
Selects Panzer Storm
Panzerjäger Mechanized Group
2.5-tonne Medical Truck
Selects Stuka Anti-tank Loiter
Panzer III L Medium Tank
Panzer III L Medium Tank
Panzer III L Medium Tank
Selects Flammpanzer III Medium Tank Sd.Kfz. 141
Flammpanzer III Medium Tank
Panzer Storm
Construct Mechanized Kompanie
Selects Command Panzer IV F Medium Tank
Armored Reserves
M4rvinBot
iceman
jacopodellanna
lljkhdfdhgaasgfdggjhjhjkjkhkjhj
Stasech
Shirka
0
0
Comments
sign in to comment!
No comments posted yet!